 Dungeon Crawl Stone Soup version 0.30-b1-2-g02819fbbbe (webtiles) character file.

Game seed: 1507141154523041274

9249 hadoken the Skirmisher (level 11, -1/97 HPs)
             Began as a Naga Hunter on May 19, 2023.
             Was a Priest of Cheibriados.
             Slain by a vampire mosquito (6 damage)
             ... on level 2 of the Lair of Beasts.
             The game lasted 00:30:00 (12398 turns).

hadoken the Skirmisher (Naga Hunter)               Turns: 12398, Time: 00:30:01

Health: -1/97      AC: 15    Str: 23    XL:     11   Next: 43%
Magic:  19/19      EV: 10    Int: 19    God:    Cheibriados [***...]
Gold:   611        SH:  0    Dex: 30    Spells: 5/20 levels left

rFire   . . .        a - +0 shortbow
rCold   + . .        (shield currently unavailable)
rNeg    . . .        t - +2 ring mail {rC+}
rPois   +            (no helmet)
rElec   .            e - +0 cloak
rCorr   .            o - +1 pair of gloves
SInv    +            (no barding)
Will    +....        (no amulet)
Stlth   ++           h - +6 ring of dexterity
HPRegen 0.36/turn    n - +4 ring of protection
MPRegen 0.16/turn

%: no passive effects
@: short of breath, very slow
A: AC +3, large, see invisible, deformed body, poison resistance, slowness 2,
spit poison 1, naga tail 1
a: Spit Poison, Renounce Religion, Bend Time, Temporal Distortion


You were on level 2 of the Lair of Beasts.
You worshipped Cheibriados.
Cheibriados was most pleased with you.
You visited 3 branches of the dungeon, and saw 13 of its levels.
You also visited: Bailey.

You collected 611 gold pieces.

Inventory:

Hand Weapons
 a - a +0 shortbow (weapon)
Missiles
 p - a throwing net
Armour
 c - a +0 leather armour
 e - a +0 cloak (worn)
 o - a +1 pair of gloves (worn)
 t - a +2 ring mail of cold resistance (worn)
 F - a +1 chain mail of willpower
Jewellery
 d - a +5 ring of evasion
 h - a +6 ring of dexterity (left hand)
 n - a +4 ring of protection (right hand)
 r - a +5 ring of evasion
 A - a ring of magical power
 C - an amulet of guardian spirit
Wands
 x - a wand of mindburst (1)
 y - a wand of flame (17)
 G - a wand of polymorph (2)
Scrolls
 b - 3 scrolls of immolation
 f - 2 scrolls of identify
 j - a scroll of torment {unknown}
 l - a scroll of amnesia
 m - 2 scrolls of fog
 q - a scroll of fear {unknown}
 s - a scroll of magic mapping
 u - 2 scrolls of enchant armour
 v - a scroll of poison {unknown}
 B - a scroll of acquirement {unknown}
 D - a scroll of blinking
 E - a scroll of vulnerability
Potions
 g - 3 potions of resistance
 i - a potion of mutation
 k - 3 potions of might
 w - a potion of curing
 z - 2 potions of heal wounds


   Skills:
 - Level 6.2 Fighting
 * Level 12.0 Ranged Weapons
 - Level 1.5 Dodging
 - Level 1.5 Stealth
 + Level 5.3 Spellcasting
 - Level 4.1 Translocations
 + Level 1.4 Transmutations
 - Level 4.6 Ice Magic
 + Level 1.2 Earth Magic
 + Level 6.3 Invocations


You had 5 spell levels left.
You knew the following spells:

 Your Spells              Type           Power      Damage    Failure   Level
a - Ozocubu's Armour      Ice            22%        N/A       9%          3
b - Portal Projectile     Hex/Tloc       24%        N/A       26%         3
c - Teleport Other        Tloc           20%        N/A       11%         3
d - Statue Form           Tmut/Erth      6%         N/A       100%        6

Your spell library contained the following spells:

 Spells                   Type           Power      Damage    Failure   Level
 Lesser Beckoning         Tloc           40%        N/A       5%          2
 Gell's Gravitas          Tloc           20%        N/A       11%         3
 Sandblast                Erth           18%        2d7       12%         1
 Passwall                 Tmut/Erth      8%         N/A       17%         2
 Magic Dart               Conj           20%        1d4       19%         1
 Vhi's Electric Charge    Tloc/Air       24%        N/A       26%         3
 Call Imp                 Summ           10%        N/A       28%         2
 Poisonous Vapours        Pois/Air       10%        N/A       28%         2
 Searing Ray              Conj           10%        2d4       28%         2
 Stone Arrow              Conj/Erth      14%        3d7       41%         3
 Call Canine Familiar     Summ           5%         N/A       50%         3
 Mephitic Cloud           Conj/Pois/Air  5%         N/A       50%         3
 Leda's Liquefaction      Hex/Erth       3%         N/A       83%         4
 Anguish                  Hex/Necr       2%         N/A       88%         4
 Fulminant Prism          Conj/Hex       2%         3d5       88%         4
 Freezing Cloud           Conj/Ice/Air   5%         6-21      96%         5
 Lee's Rapid Deconstruct  Erth           4%         3d5*      97%         5
 Arcjolt                  Conj/Air       2%         1d12      99%         5
 Enfeeble                 Hex            2%         N/A       100%        7
 Ozocubu's Refrigeration  Ice            11%        4d9       100%        7
 Maxwell's Capacitive Co  Air            2%         ∞         100%        8


Dungeon Overview and Level Annotations

Branches:
Dungeon (10/15)            Temple (1/1) D:4            Lair (2/5) D:8
  Swamp (0/4) Lair:2       Bailey (visited)
  Snake: Lair:2-3    Spider: Lair:2-3       Orc: D:9-12

Altars:
Ashenzari
Cheibriados
Dithmenos
Elyvilon
Fedhas
Gozag
Hepliaklqana
Kikubaaqudgha
Makhleb
Nemelex Xobeh
Qazlal
Ru
Sif Muna
Trog
Uskayaw
Vehumet
Wu Jian
Xom
Yredelemnul
Zin
The Shining One


Innate Abilities, Weirdness & Mutations

Your serpentine skin is tough. (AC +3)
You have supernaturally acute eyesight. (SInv)
Armour fits poorly on your strangely shaped body.
Your system is resistant to poisons. (rPois)
You cover ground very slowly.
You can spit poison.
You have a snake-like lower body.


Message History

Okay, then.
Fire: a) +0 shortbow
Press: ? - help, Q - select action, (/) - cycle Shift-Dir - straight line, f - vampire mosquito
Aim: a vampire mosquito (lightly damaged, 62% to hit)
You shoot an arrow. The arrow hits the vampire mosquito!
The vampire mosquito is heavily damaged.
The vampire mosquito bites you but does no damage.
The vampire mosquito closely misses you.
The vampire mosquito bites you!
* * * LOW HITPOINT WARNING * * *
The vampire mosquito draws strength from your injuries!
The vampire mosquito bites you but does no damage.
Aiming: Spit Poison (1% risk of failure)
Press: ? - help, Shift-Dir - straight line, f - you, p - vampire mosquito That beam is likely to hit you.
Continue anyway? [Y]es or [N]o only, please.
That beam is likely to hit you.
Continue anyway? [Y]es or [N]o only, please.
That beam is likely to hit you.
Continue anyway?
Okay, then.
Aiming: Spit Poison (1% risk of failure)
Press: ? - help, Shift-Dir - straight line, f - vampire mosquito
Aim: a vampire mosquito (heavily damaged, 43% to hit)
The splash of poison misses the vampire mosquito.
The vampire mosquito bites you but does no damage.
The vampire mosquito bites you.
* * * LOW HITPOINT WARNING * * *
The vampire mosquito draws strength from your injuries!
The vampire mosquito bites you but does no damage. x2
Fire: a) +0 shortbow
Press: ? - help, Q - select action, (/) - cycle Shift-Dir - straight line, f/p - vampire mosquito
Aim: a vampire mosquito (heavily damaged, 62% to hit)
You shoot an arrow. The arrow hits the vampire mosquito!
The vampire mosquito is severely damaged.
The vampire mosquito bites you!
* * * LOW HITPOINT WARNING * * *
The vampire mosquito draws strength from your injuries!
The vampire mosquito bites you but does no damage.
The vampire mosquito bites you.
You die...

#..#.##...#
#P.......##
#........# .
#.......#####..
##.......#......
#...###.........
#...##.#<.......
##..###.......#P
#.@y# #......#..
##†y# ##.....#
#..# #.....#
~.♣.# #.......
≈~~.♣♣ #...(..##
≈§~§. ♣........
.§§§§~~
.........
♣~~§§§~~
♣~§~§§~~♣


You could see 2 vampire mosquitoes.

Vanquished Creatures
  A two-headed ogre (D:10)
  A skyshark (Lair:1)
  Pikel (D:5)
  A black mamba (Lair:1)
  A cane toad (Lair:1)
  A komodo dragon (Lair:1)
  2 wyverns
  15 yaks
  A vampire mosquito (Lair:2)
  3 water moccasins
  A sky beast (D:8)
  A black bear (Lair:1)
  3 orc warriors
  2 ice beasts
  An ogre (D:5)
  7 wolves (Lair:1)
  2 centaurs
  A lemure (D:5)
  8 bullfrogs
  6 kobold brigands
  A gnoll sergeant (D:8)
  2 scorpions
  4 wights
  5 orc priests
  5 hounds
  4 jellies
  2 sleepcaps
  4 iguanas
  7 orc wizards
  12 gnolls
  8 adders
  2 shadow imps
  3 white imps
  2 ufetubi
  A dart slug (D:1)
  42 orcs
  8 ball pythons
  3 endoplasms
  A giant cockroach (D:1)
  9 goblins
  5 hobgoblins
  25 kobolds
  3 quokkas
  4 bats
  6 frilled lizards
  5 rats
  A spectral orc (D:6)
233 creatures vanquished.

Vanquished Creatures (collateral kills)
  2 lemures (D:5)
  3 gnolls (D:4)
5 creatures vanquished.

Vanquished Creatures (others)
  A lemure (D:5)
  A kobold (D:8)
  3 fungi (Lair:1)
  A plant (D:8)
6 creatures vanquished.

Grand Total: 244 creatures vanquished

Notes
Turn   | Place    | Note
-------+----------+-------------------------------------------
     0 | D:1      | hadoken the Naga Hunter began the quest for the Orb.
     0 | D:1      | Reached XP level 1. HP: 19/19 MP: 1/1
   256 | D:1      | Reached skill level 4 in Ranged Weapons
   256 | D:1      | Reached XP level 2. HP: 16/26 MP: 2/2
   473 | D:1      | Reached XP level 3. HP: 32/32 MP: 3/3
  1635 | D:3      | Reached skill level 5 in Ranged Weapons
  1635 | D:3      | Reached XP level 4. HP: 34/39 MP: 4/4
  2131 | D:3      | Found a shadowy altar of Dithmenos.
  2411 | D:3      | Found a faded altar of an unknown god.
  2523 | D:3      | Learned a level 3 spell: Ozocubu's Armour
  2628 | D:4      | Reached skill level 1 in Ice Magic
  2858 | D:4      | Found a staircase to the Ecumenical Temple.
  2863 | Temple   | Entered the Ecumenical Temple
  2884 | Temple   | Became a worshipper of Cheibriados the Contemplative
  2916 | Temple   | Reached XP level 5. HP: 32/45 MP: 5/5
  3355 | D:4      | Reached XP level 6. HP: 51/52 MP: 6/6
  3379 | D:4      | Reached * piety under Cheibriados
  3473 | D:4      | Reached skill level 6 in Ranged Weapons
  3481 | D:4      | Reached skill level 1 in Invocations
  4040 | D:5      | Entered Level 5 of the Dungeon
  4100 | D:5      | Noticed Pikel
  4172 | D:5      | Killed Pikel
  4173 | D:5      | Reached XP level 7. HP: 33/60 MP: 6/9
  4173 | D:5      | Reached XP level 8. HP: 37/67 MP: 6/10
  4464 | D:5      | Reached skill level 7 in Ranged Weapons
  4521 | D:5      | Reached ** piety under Cheibriados
  4802 | D:5      | Reached skill level 8 in Ranged Weapons
  4907 | D:5      | Found an ornate altar of the Wu Jian Council.
  5285 | D:6      | Found a blossoming altar of Fedhas.
  5303 | D:6      | Reached skill level 9 in Ranged Weapons
  5330 | D:6      | Found a glowing golden altar of the Shining One.
  5444 | D:6      | Reached XP level 9. HP: 70/73 MP: 11/11
  5492 | D:6      | Learned a level 3 spell: Portal Projectile
  5526 | D:6      | Found a basalt altar of Yredelemnul.
  6143 | D:7      | Reached skill level 1 in Translocations
  6148 | D:7      | Reached skill level 1 in Spellcasting
  6152 | D:7      | Reached *** piety under Cheibriados
  7438 | D:7      | Noticed a red ugly thing
  8046 | D:8      | Found a staircase to the Lair.
  8073 | D:8      | Reached skill level 10 in Ranged Weapons
  8204 | D:8      | Reached XP level 10. HP: 46/86 MP: 6/14
  8504 | D:8      | Reached **** piety under Cheibriados
  8838 | D:9      | Found a flagged portal.
  8846 | Bailey   | Entered a bailey
  9015 | Bailey   | Noticed an orc knight
  9028 | Bailey   | Noticed an orc knight
  9863 | D:9      | Found a bloodstained altar of Trog.
  9917 | D:9      | Learned a level 3 spell: Teleport Other
  9998 | D:10     | Entered Level 10 of the Dungeon
 10001 | D:10     | Noticed a two-headed ogre
 10022 | D:10     | Killed a two-headed ogre
 10023 | D:10     | Reached skill level 5 in Fighting
 10072 | Lair:1   | Entered Level 1 of the Lair of Beasts
 10077 | Lair:1   | Reached ***** piety under Cheibriados
 10078 | Lair:1   | Reached skill level 11 in Ranged Weapons
 10294 | Lair:1   | Reached skill level 5 in Invocations
 10708 | Lair:1   | Noticed a cane toad
 10728 | Lair:1   | Killed a cane toad
 10729 | Lair:1   | Reached XP level 11. HP: 49/97 MP: 2/18
 11197 | Lair:1   | Reached skill level 5 in Spellcasting
 11322 | Lair:1   | Learned a level 6 spell: Statue Form
 11644 | Lair:1   | Noticed a skyshark
 11653 | Lair:1   | Killed a skyshark
 11654 | Lair:1   | Reached skill level 1 in Transmutations
 11654 | Lair:1   | Reached skill level 1 in Earth Magic
 12082 | Lair:1   | Reached skill level 12 in Ranged Weapons
 12377 | Lair:2   | Found a staircase to the Swamp.
 12398 | Lair:2   | Slain by a vampire mosquito

Illustrated notes

Levels and vault maps discovered:
D:1:      dpeg_cavernosity, layout_basic
D:2:      layout_loops_cross, minmay_heptomino_l4
D:3:      layout_loops_corners, mainiacjoe_overflow_six_doors_small,
          shapermc_ecumenical_altar_mp_vishouse
D:4:      layout_cave_pods, minmay_temple_entry_offerings, saegor_snake_ambush
D:5:      layout_cave_pools, nzn_wu_jian_council_hall, serial_column_ruins,
          column_ruins_hut, column_ruins_columns_T, column_ruins_open_large,
          column_ruins_grid_3, column_ruins_columns_T, column_ruins_open_large,
          column_ruins_grid_1, column_ruins_grid_3, uniq_pikel
D:6:      minmay_inner_zag, layout_layer_cave,
          yredelemnul_forgotten_temple_becter,
          mainiacjoe_overflow_large_starburst, minivault_1, due_unseen_surprise
D:7:      layout_rooms, hellmonk_okawaru_the_only_friend_you_need, wad_mini_maze
D:8:      layout_basic, dpeg_oklobed_lair
D:9:      layout_gridville, marbit_many_paths, enter_bailey_3
D:10:     layout_stronghold, ebering_ghost_gozag, minivault_22,
          hangedman_abyss_or_decor_lesser_grid
Temple:   nicolae_temple_no_exploring_needed
Lair:1:   layout_concentric_octagons, grunt_megastairs_5, lemuel_fruit_tree
Lair:2:   layout_chaotic_city, minmay_swamp_entry_swarm,
          spider_nest_entry_rubble, st_stairs_5

Skill      XL: |  1  2  3  4  5  6  7  8  9 10 11 |
---------------+----------------------------------+-----
Ranged Weapons | 4 5 6 9 10 11 12 | 12.0
Ice Magic      | 1 2 4 |  4.6
Invocations    | 3 5 6 |  6.3
Translocations | 3 4 |  4.1
Spellcasting   | 3 4 5 |  5.3
Fighting       | 4 5 6 |  6.2
Transmutations | 1 |  1.4
Earth Magic    | 1 |  1.2
Dodging        | |  1.5
Stealth        | |  1.5

Action                     |  1- 3 |  4- 6 |  7- 9 | 10-12 || total
---------------------------+-------+-------+-------+-------++-------
   Fire: Shortbow          |    99 |   157 |   285 |   299 ||   840
   Cast: Ozocubu's Armour  |       |     1 |     8 |     1 ||    10
         Portal Projectile |       |       |     3 |     3 ||     6
         Teleport Other    |       |       |       |     3 ||     3
 Invoke: Bend Time         |       |       |     1 |     2 ||     3
         Temporal Distorti |       |       |     3 |     1 ||     4
         Slouch            |       |       |       |     4 ||     4
Ability: Spit Poison       |     1 |    17 |    18 |     9 ||    45
  Evoke: Wand              |       |     8 |     1 |    21 ||    30
    Use: Scroll            |     2 |     3 |     7 |     6 ||    18
         Potion            |       |    10 |     2 |     7 ||    19
 Armour: Leather armour    |     8 |    20 |       |       ||    28
         Skin              |       |    11 |       |       ||    11
         Ring mail         |       |     7 |    94 |   163 ||   264
  Dodge: Dodged            |    28 |    48 |    95 |   187 ||   358
